 Dungeon Crawl Stone Soup version 0.25.1-8-g42b30a86e7 (webtiles) character file.

Game seed: 6979298642992016774

79 Gabide the Ruffian (level 4, -6/37 HPs)
             Began as a Draconian Gladiator on Dec 26, 2020.
             Killed by divine providence
             ... invoked by an orc priest
              (11 damage)
             ... on level 2 of the Dungeon.
             The game lasted 00:03:37 (2094 turns).

Gabide the Ruffian (Draconian Gladiator)            Turns: 2094, Time: 00:03:39

Health: -6/37      AC:  5    Str: 17    XL:     4   Next: 16%
Magic:  4/4        EV: 13    Int:  9    God:
Gold:   101        SH:  0    Dex: 12    Spells: 3/3 levels left

rFire    . . .     SeeInvis .     - Unarmed
rCold    . . .     Gourm    .   (no shield)
rNeg     . . .     Faith    .   (armour unavailable)
rPois    .         Spirit   .   a - +0 hat
rElec    .         Reflect  .   (no cloak)
rCorr    .         Harm     .   (no gloves)
MR       .....                  (no boots)
Stlth    +.........             (no amulet)
HPRegen  0.12/turn              (no ring)
MPRegen  0.09/turn              (no ring)

@: no status effects
A: unfitting armour, cold-blooded, AC +5
a: no special abilities


You were on level 2 of the Dungeon.
You were not hungry.

You visited 1 branch of the dungeon, and saw 2 of its levels.

You collected 101 gold pieces.

Inventory:

Missiles
 b - 2 throwing nets (quivered)
Armour
 a - a +0 hat (worn)
Scrolls
 g - 2 scrolls of identify
Comestibles
 c - 2 rations


   Skills:
 + Level 2.7 Fighting
 - Level 1.7 Throwing
 + Level 3.2 Dodging
 * Level 4.3 Unarmed Combat


You had 3 spell levels left.
You didn't know any spells.
Your spell library was empty.

Dungeon Overview and Level Annotations

Branches:
Dungeon (2/15)

Altars:
Qazlal


Innate Abilities, Weirdness & Mutations

Your plain brown scales are hard. (AC +5)
You cannot fit into any form of body armour.
You are cold-blooded and may be slowed by cold attacks.


Message History

You feel sick.
You feel sick.
You feel sick.
You feel sick.
You are no longer poisoned.
The orc priest is too close now for your liking.
The orc priest shouts!
Throwing (i - inventory)
b - 3 throwing nets (quivered)
Press: ? - help, Shift-Dir - straight line, f - orc priest
Aim: an orc priest, wielding a +0 mace and wearing a +0 ring mail You throw a throwing net.
The throwing net hits the orc priest.
The orc priest is caught in the net!
The orc priest shouts!
You hear a shout!
The orc priest mumbles some strange prayers to Beogh against you.
Beogh smites you!
* * * LOW HITPOINT WARNING * * *
The orc priest struggles against the net.
The orc priest mumbles some strange prayers to Beogh against you.
Beogh smites you!
You die...

#.####### #.#######
....o†o.# ...<.##.#
.###.##o# . #.##.## #
### .
#o#...###.##########?..#
.
#......##........%.....#
# #.....o..o...@...!#
........##########.## #
#.####....# #####...##.#
# ##..... ............#
#.....#######...##### #.
...... ............#
#.#.....# #####...###.#
#.#.... .......# #.#
##.#.#. #####..###.#


You could see 2 orc priests.

Vanquished Creatures
  3 adders (D:2)
  A dart slug (D:2)
  3 leopard geckos
  An orc (D:1)
  2 ball pythons (D:2)
  2 giant cockroaches (D:2)
  4 goblins
  6 hobgoblins
  3 jackals (D:2)
  9 bats
  A frilled lizard (D:2)
  7 kobolds
  3 rats (D:1)
45 creatures vanquished.

Notes
Turn   | Place    | Note
-------+----------+-------------------------------------------
     0 | D:1      | Gabide the Draconian Gladiator began the quest for the Orb.
     0 | D:1      | Reached XP level 1. HP: 17/17 MP: 1/1
   321 | D:1      | Reached XP level 2. HP: 22/24 MP: 2/2
  1045 | D:2      | Reached XP level 3. HP: 30/30 MP: 3/3
  1321 | D:2      | Reached skill level 4 in Unarmed Combat
  1739 | D:2      | Found a stormy altar of Qazlal.
  1779 | D:2      | Reached XP level 4. HP: 18/37 MP: 4/4
  2094 | D:2      | Killed from afar by an orc priest

Illustrated notes

Levels and vault maps discovered:
D:1:      wander_arrival_abandoned_jail, layout_basic,
          chequers_serial_rivers_micro_b
D:2:      layout_loops_ring, nicolae_qazlal_general_emergency, minitemple

Skill      XL: |  1  2  3 |
---------------+----------+-----
Dodging        | 3 |  3.2
Unarmed Combat | 4 |  4.3
Fighting       | |  2.7
Throwing       | |  1.7

Action                   |  1- 3 |  4- 6 || total
-------------------------+-------+-------++-------
Melee: Unarmed           |   128 |     7 ||   135
       Tailslap          |    15 |       ||    15
       Punch             |     3 |       ||     3
Throw: Throwing net      |     3 |     1 ||     4
  Use: Scroll            |     4 |     1 ||     5
       Potion            |     1 |     1 ||     2
 Stab: Sleeping          |     1 |       ||     1
  Eat: Chunk             |     3 |     1 ||     4
Armor: Skin              |    44 |     2 ||    46
Dodge: Dodged            |    96 |     5 ||   101
